 Dungeon Crawl Stone Soup version 0.27-a0-941-g386ccf399c (webtiles) character file.

Game seed: 6299478423095158362

2473 Essalna the Skirmisher (level 9, -6/71 HPs)
             Began as a Demonspawn Transmuter on Apr 11, 2021.
             Was a Believer of Makhleb.
             Killed from afar by fly's ghost (22 damage)
             ... with a bolt of lightning
             ... on level 7 of the Dungeon.
             The game lasted 00:27:02 (9458 turns).

Essalna the Skirmisher (Demonspawn Transmuter)      Turns: 9458, Time: 00:27:03

Health: -6/71      AC:  8    Str: 16    XL:     9   Next: 26%
Magic:  0/12       EV: 14    Int: 14    God:    Makhleb [**....]
Gold:   279        SH:  0    Dex: 18    Spells: 6/12 levels left

rFire    + . .     SeeInvis .     - Unarmed
rCold    + . .     Faith    .   (no shield)
rNeg     + . .     Spirit   .   u - +0 robe {rN+}
rPois    +         Reflect  .   (no helmet)
rElec    .         Harm     .   t - scarf {rC+ rF+}
rCorr    .         Rampage  .   (no gloves)
Will     .....                  n - +1 pair of boots
Stlth    ++........             (no amulet)
HPRegen  0.21/turn              o - +6 ring of strength
MPRegen  0.13/turn              (no ring)

@: no status effects
A: claws 2, slimy green scales 3, demonic magic 2
a: Renounce Religion, Minor Destruction


You were on level 7 of the Dungeon.
You worshipped Makhleb.
Makhleb was pleased with you.
You visited 2 branches of the dungeon, and saw 8 of its levels.

You collected 279 gold pieces.

Inventory:

Hand Weapons
 k - the +5 rapier "Gasihon" {vorpal, *Corrode rC++ rN+++ Will-}
   (You found it on level 5 of the Dungeon)

   It inflicts extra damage upon your enemies.
   It greatly protects you from cold.
   It renders you almost immune to negative energy.
   It may corrode you when you take damage.
   It decreases your willpower.
Armour
 a - a +0 robe
 n - a +1 pair of boots (worn)
 t - a scarf of resistance (worn)
 u - a +0 robe of positive energy (worn)
Jewellery
 o - a +6 ring of strength (left claw)
Wands
 v - a wand of random effects (11)
Scrolls
 b - a scroll of teleportation {unknown}
 c - a scroll of holy word {unknown}
 d - a scroll of silence
 e - 2 scrolls of vulnerability {unknown}
 f - a scroll of noise {unknown}
 g - a scroll of amnesia {unknown}
 h - a scroll of enchant weapon {unknown}
 i - 2 scrolls of magic mapping {unknown}
 j - 3 scrolls of immolation {unknown}
 l - 3 scrolls of identify {unknown}
 m - 3 scrolls of enchant armour {unknown}
 q - a scroll of fog {unknown}
 s - 2 scrolls of fear {unknown}
 w - a scroll of acquirement {unknown}
Potions
 p - 2 potions of mutation {unknown}
 r - a potion of resistance {unknown}
 x - a potion of ambrosia {unknown}
 z - a potion of berserk rage


   Skills:
 + Level 6.6 Fighting
 + Level 5.0 Dodging
 + Level 6.5 Unarmed Combat
 - Level 2.0 Spellcasting
 + Level 6.2 Transmutations


You had 6 spell levels left.
You knew the following spells:

 Your Spells              Type           Power      Damage    Failure   Level
a - Beastly Appendage     Tmut           36%        N/A       1%          1
b - Hydra Form            Tmut           9%         N/A       45%         5

Your spell library contained the following spells:

 Spells                   Type           Power      Damage    Failure   Level
 Wereblood                Tmut           18%        N/A       2%          2
 Spider Form              Tmut/Pois      5%         N/A       21%         3
 Ice Form                 Ice/Tmut       10%        N/A       54%         4
 Portal Projectile        Hex/Tloc       2%         N/A       56%         3
 Teleport Other           Tloc           1%         N/A       56%         3
 Death Channel            Necr           0%         N/A       100%        6
 Disjunction              Tloc           0%         N/A       100%        8


Dungeon Overview and Level Annotations

Branches:
Dungeon (7/15)             Temple (1/1) D:4

Altars:
Ashenzari
Cheibriados
Dithmenos
Fedhas
Gozag
Makhleb
Nemelex Xobeh
Okawaru
Qazlal
Ru
Sif Muna
Trog
Vehumet
Xom
Yredelemnul
Zin
The Shining One
Beogh

Shops:
D:7 :

Annotations:
D:4 3 runed translucent doors, Nimbul's ghost, amateur VSEn
D:5 3 runed translucent doors, gorpus's ghost, novice OpTm
D:7 fly's ghost, novice TeFE


Innate Abilities, Weirdness & Mutations

You have very sharp fingernails.
You are completely covered in slimy green scales. (AC +4, rPois)
Spells you cast may paralyse nearby enemies.


Message History

Things that are here:
a +0 short sword; 23 stones You open the door.
There is an open door here.
You open the door.
There is an open door here.
m - 3 scrolls labelled ETRASEXK DIC TYRR (gained 1)
Found a stone staircase leading up.
There is a stone staircase leading up here.
Key pressed, stopping explore.
Key pressed, stopping explore.
Key pressed, stopping explore.
There is an open door here.
As you open the door, it creaks loudly!
There is an open door here.
There is an entrance to Gowih's Book Shoppe here.
There is an abandoned shop here.
You open the door.
There is an open door here.
You open the door.
There is an open door here.
As you open the door, it creaks loudly!
There is an open door here.
There is an open door here.
There is an open door here.
There is an open door here.
There is an open door here.
Key pressed, stopping explore.
There is an open door here.
Could not explore, unopened runed door.
You open the door. The +2 trident of chaos hits you.
You are electrocuted!!
The +2 trident of chaos hits you from afar!!
You feel your power leaking away.
The +2 trident of chaos hits you from afar!
* * * LOW HITPOINT WARNING * * *
Fly's ghost casts a spell at you.
The bolt of lightning hits the +2 trident of chaos.
The +2 trident of chaos completely resists.
The bolt of lightning hits you!!
You die...

.....###########.#######.##......
.....# #.......#.#######.##......
########.......#.......#.##...##'
.......'.......'..........'...'..
########.......#......##.##...##.
#.......#.#######.##...###
#.......#.# #.....##...# #
#.......#.###.############
######...@....#...........
########## #.##.#####.##########
#........# #.#.(### #.##........
#........# #.#..#.###.##.#######
#........# #.#..W_.##.##.###....
#........####....#[##..##.....#..
#.............(..###.##########..
######...............#...........
...........(.........#.##########


You could see a +2 trident of chaos and fly's ghost.

Vanquished Creatures
  Sigmund (D:6)
  Menkaure (D:6)
  A water moccasin (D:5)
  An ice beast (D:6)
  An orc warrior (D:7)
  3 sky beasts
  4 ogres
  A centaur (D:7)
  A phantom (D:4)
  A bullfrog (D:6)
  3 scorpions
  A water moccasin zombie (D:5)
  2 water moccasin skeletons
  A bullfrog zombie (D:6)
  A jelly (D:6)
  A gnoll shaman (D:5)
  A centaur skeleton (D:7)
  2 hounds
  A bullfrog skeleton (D:3)
  Natasha (twice) (D:2)
  6 iguanas
  A howler monkey zombie (D:6)
  9 adders
  A howler monkey skeleton (D:6)
  12 gnolls
  2 white imps
  An ufetubus (D:6)
  4 worms
  2 dart slugs
  12 orcs
  5 bats
  2 endoplasms
  2 giant cockroaches
  8 hobgoblins
  13 jackals
  5 quokkas
  2 ball pythons
  3 frilled lizards
  6 goblins
  5 kobolds
  4 rats
135 creatures vanquished.

Notes
Turn   | Place    | Note
-------+----------+-------------------------------------------
     0 | D:1      | Essalna the Demonspawn Transmuter began the quest for the
                  | Orb.
     0 | D:1      | Reached XP level 1. HP: 15/15 MP: 3/3
   336 | D:1      | Gained mutation: You are partially covered in slimy green
                  | scales. (AC +2) [demonic ancestry]
   336 | D:1      | Reached XP level 2. HP: 14/21 MP: 1/5
   499 | D:1      | Found a faded altar of an unknown god.
  1114 | D:2      | Gained mutation: Spells you cast may paralyse adjacent
                  | enemies. [demonic ancestry]
  1114 | D:2      | Reached XP level 3. HP: 24/27 MP: 6/6
  1174 | D:2      | Noticed Natasha
  1310 | D:2      | Killed Natasha
  1614 | D:2      | Reached XP level 4. HP: 25/34 MP: 7/7
  2005 | D:2      | Noticed Natasha
  2015 | D:2      | Killed Natasha
  2185 | D:3      | Noticed a yak
  2186 | D:3      | Noticed a yak
  2228 | D:3      | Noticed a yak
  2281 | D:4      | Gained mutation: You are mostly covered in slimy green
                  | scales. (AC +3) [demonic ancestry]
  2281 | D:4      | Reached XP level 5. HP: 20/40 MP: 8/8
  2518 | D:4      | Noticed an ogre
  2528 | D:4      | Killed an ogre
  2529 | D:4      | Gained mutation: You have sharp fingernails. [demonic
                  | ancestry]
  2529 | D:4      | Reached XP level 6. HP: 32/47 MP: 7/9
  2643 | D:4      | Noticed a sky beast
  2662 | D:4      | Killed a sky beast
  2777 | D:4      | Noticed Nimbul's ghost (amateur VSEn)
  3411 | D:3      | Identified Buzuluti's Papyrus of Warped Necromancy
  3651 | D:4      | Found a staircase to the Ecumenical Temple.
  3660 | Temple   | Entered the Ecumenical Temple
  3853 | Temple   | Became a worshipper of Makhleb the Destroyer
  4308 | D:5      | Entered Level 5 of the Dungeon
  4385 | D:5      | Gained mutation: Spells you cast may paralyse nearby
                  | enemies. [demonic ancestry]
  4385 | D:5      | Reached XP level 7. HP: 34/54 MP: 10/10
  4402 | D:5      | Identified the +5 rapier "Gasihon" {vorpal, *Corrode rC++
                  | rN+++ Will-}
  4825 | D:4      | Found a runed translucent gate.
  4825 | D:4      | Found a runed translucent gate.
  4825 | D:4      | Found a runed translucent gate.
  5507 | D:4      | Reached skill level 5 in Unarmed Combat
  5761 | D:4      | Learned a level 5 spell: Hydra Form
  6304 | D:5      | Found a runed translucent gate.
  6305 | D:5      | Found a runed translucent gate.
  6317 | D:5      | Noticed gorpus's ghost (novice OpTm)
  6324 | D:5      | Found a runed translucent gate.
  6324 | D:5      | Identified the +9 hand axe "Rill" {vamp, rN+ Str-3 Dex+4}
  6324 | D:5      | Identified the +0 chain mail "Ycaivuq" {+Blink}
  6442 | D:5      | Reached skill level 5 in Fighting
  6573 | D:5      | Reached * piety under Makhleb
  6574 | D:5      | Gained mutation: You have very sharp fingernails. [demonic
                  | ancestry]
  6574 | D:5      | Reached XP level 8. HP: 43/62 MP: 11/11
  6759 | D:5      | Reached skill level 5 in Transmutations
  7165 | D:6      | Found a radiant altar of Vehumet.
  7199 | D:6      | Noticed Sigmund
  7277 | D:6      | Noticed Menkaure
  7461 | D:6      | Killed Menkaure
  7870 | D:6      | Killed Sigmund
  7978 | D:6      | Identified the +3 scale mail "Moesag" {*Slow rPois Will+
                  | rCorr}
  8240 | D:6      | Gained mutation: You are completely covered in slimy green
                  | scales. (AC +4, rPois) [demonic ancestry]
  8240 | D:6      | Reached XP level 9. HP: 69/69 MP: 12/12
  8247 | D:6      | Found a broken altar of Ashenzari.
  8340 | D:7      | Found a runed translucent door.
  8660 | D:7      | Reached ** piety under Makhleb
  8661 | D:7      | Reached skill level 5 in Dodging
  8667 | D:7      | Found Gowih's Book Shoppe.
  8919 | D:7      | Found a shimmering altar of Xom.
  8919 | D:7      | Noticed fly's ghost (novice TeFE)
  8920 | D:7      | Noticed a +2 trident of chaos
  9458 | D:7      | Killed from afar by fly's ghost

Illustrated notes

Levels and vault maps discovered:
D:1:      lightli_arrival_isolated_outpost, layout_basic,
          hellmonk_ecumenical_altar_crossroads
D:2:      layout_basic, nrook_mini_vaults, uniq_natasha
D:3:      layout_loops_corners, kennysheep_potato
D:4:      layout_loops_ring, lemuel_temple_firewalk_b, gammafunk_ghost_split
D:5:      layout_loops_ring, biasface_ghost_orc_armoury
D:6:      layout_basic, gammafunk_temple_overflow_elements,
          lemuel_coloured_pillars_altar, st_stairs_13, uniq_menkaure,
          uniq_sigmund
D:7:      layout_basic, serial_shops, nicolae_shop_competitors_out_of_business,
          ebering_ghost_xom
Temple:   oiseaux_autumnal_temple

Skill      XL: |  1  2  3  4  5  6  7  8  9 |
---------------+----------------------------+-----
Dodging        | 2 3 4 5 |  5.0
Transmutations | 2 3 4 5 6 |  6.2
Unarmed Combat | 3 4 5 6 |  6.5
Fighting       | 2 3 4 5 6 |  6.6
Spellcasting   | |  2.0

Action                   |  1- 3 |  4- 6 |  7- 9 || total
-------------------------+-------+-------+-------++-------
Melee: Unarmed           |    21 |       |   132 ||   153
       Kick              |     2 |     4 |    46 ||    52
       Headbutt          |     1 |     4 |    38 ||    43
       Whip              |    57 |   129 |   117 ||   303
       Punch             |       |     1 |     4 ||     5
 Cast: Beastly Appendage |     2 |     4 |    24 ||    30
  Use: Potion            |       |     2 |     2 ||     4
       Scroll            |       |     1 |       ||     1
 Stab: Sleeping          |     2 |     1 |       ||     3
Armor: Robe              |    15 |    39 |    60 ||   114
Dodge: Dodged            |    46 |    81 |   145 ||   272

Table legend: (Time is in decaauts)
 A = Elapsed time spent in this place.
 B = Non-inter-level travel time spent in this place.
 C = Inter-level travel time spent in this place.
 D = Time resting spent in this place.
 E = Time spent auto-exploring this place.
 F = Levels seen in this place.
 G = Mean time per level.
                   A        B        C        D        E       F      G
               +--------+--------+--------+--------+--------+-----+--------+
         Total |   9502 |   9086 |    416 |    115 |   7352 |   8 | 1187.8 |
       Dungeon |   9168 |   8790 |    378 |    115 |   7071 |   7 | 1309.7 |
        Temple |    334 |    296 |     38 |      0 |    281 |   1 |  334.0 |
               +--------+--------+--------+--------+--------+-----+--------+

Top non-repeatable levels by time:
     D:4: 2294 daAuts
     D:6: 1393 daAuts
     D:5: 1184 daAuts
     D:1: 1177 daAuts
     D:7: 1157 daAuts
     D:2: 1003 daAuts
     D:3: 957 daAuts
  Temple: 334 daAuts
